Map: Deathaura LE

Players

A.I. 1 (Very Easy) - Winner!

  • Race: Zerg Zerg
  • Spawn Location: 5:00

ElemenT

  • Race: Zerg Zerg
  • League: Diamond
  • Spawn Location: 11:00

VOD

Have the link to the VOD?

Description

Time

  • Played on: Dec. 4, 2020, 2 p.m.
  • Length: 12:38
Show
View Real Time Build Order
Export as new Build Order

A.I. 1 (Very Easy) Zerg - Winner!

Build Orders: Hatch First 

Get SALT Encoding   

  12  0:00  Drone  
  13  0:12  Overlord  
  13  0:16  Drone  
  14  0:40  Hatchery  
  13  0:45  Drone  
  14  1:04  Spawning Pool  
  13  1:05  Extractor  
  13  1:06  Drone  
  13  1:13  Drone  
  14  1:19  Overlord  
  14  1:50  Queen  
  14  1:51  Zergling x2  
  14  1:53  Zergling x2  
  18  1:59  Roach Warren  
  17  2:03  Drone  
  17  2:06  Extractor  
  17  2:10  Drone  
  17  2:14  Zergling x2  
  19  2:19  Drone  
  20  2:26  Drone  
  21  2:33  Drone  
  22  2:40  Drone  
  23  2:47  Drone  
  23  2:54  Drone  
  24  3:00  Roach  
  24  3:02  Drone  
  27  3:09  Overlord  
  27  3:12  Drone  
  28  3:19  Drone  
  29  3:23  Lair  
  29  3:27  Drone  
  30  3:37  Drone  
  31  3:44  Drone  
  31  3:45  Roach  
  34  3:52  Drone  
  34  3:59  Drone  
  34  4:05  Overlord  
  34  4:06  Drone  
  35  4:13  Drone  
  34  4:20  Drone  
  34  4:21  Overseer  
  34  4:22  Overseer  
  35  4:28  Drone  
  35  4:30  Queen  
  36  4:31  Zergling x2  
  36  4:35  Drone  
  38  4:42  Drone  
  39  4:49  Drone  
  39  4:52  Overlord  
  39  4:57  Drone  
  40  5:00  Zergling x2  
  40  5:04  Drone  
  40  5:11  Drone  
  41  5:16  Extractor  
  41  5:18  Drone, Queen  
  41  5:25  Drone  
  42  5:29  Extractor, Roach  
  42  5:32  Drone  
  44  5:40  Drone  
  45  5:57  Zergling x2  
  46  6:06  Queen  
  46  6:26  Roach  
  48  6:54  Zergling x2, Queen  
  49  7:23  Roach  
  49  7:24  Overlord  
  51  7:42  Queen  
  51  7:52  Zergling x2  
  52  8:20  Roach  
  54  8:38  Overseer  
  54  8:39  Overlord  
  54  8:49  Zergling x2  
  55  9:35  Ravager  
  56  10:48  Pneumatized Carapace  
  56  10:49  Overseer  
  56  10:50  Infestation Pit  
  56  10:51  Drone  
  56  10:54  Hydralisk Den  
  56  10:56  Zergling x2  
  51  10:58  Drone  
  43  11:16  Roach  
  43  11:27  Drone  
  41  11:35  Drone  
  41  11:36  Roach  
  41  11:42  Drone  
  33  11:50  Drone  
  33  11:51  Queen  
  29  11:56  Zergling x2  
  29  11:57  Drone  
  24  12:05  Drone  
  18  12:12  Drone  
  15  12:20  Drone  
Show
View Real Time Build Order
Export as new Build Order

ElemenT Zerg 

Build Orders: Hatch First, Brood Lord Corruptor 

Get SALT Encoding   

  12  0:01  Drone  
  13  0:13  Overlord  
  13  0:18  Drone  
  14  0:31  Drone x2  
  16  0:51  Hatchery  
  16  0:54  Drone  
  16  0:55  Drone  
  17  1:10  Spawning Pool  
  16  1:13  Drone  
  16  1:16  Drone  
  18  1:22  Extractor  
  18  1:23  Drone  
  18  1:29  Drone  
  19  1:41  Overlord  
  19  1:57  Queen  
  19  2:00  Zergling x2  
  22  2:02  Queen  
  22  2:04  Drone  
  22  2:05  Drone  
  26  2:13  Drone, Roach Warren  
  26  2:17  Drone  
  27  2:24  Drone  
  27  2:25  Drone  
  29  2:33  Overlord  
  29  2:41  Overlord  
  29  2:48  Overlord  
  29  2:49  Overlord  
  29  2:56  Roach  
  29  2:58  Roach  
  32  3:07  Roach x3  
  32  3:08  Roach  
  32  3:11  Roach  
  42  3:15  Roach  
  42  3:19  Roach  
  46  3:22  Roach  
  48  3:30  Zergling x4  
  48  3:31  Zergling x2  
  51  3:43  Drone x4  
  55  3:54  Drone  
  56  3:59  Hatchery  
  56  4:00  Drone  
  56  4:02  Drone  
  55  4:04  Drone  
  55  4:09  Drone x2  
  58  4:17  Drone x3  
  61  4:24  Lair  
  61  4:25  Drone  
  61  4:26  Drone  
  61  4:30  Drone  
  61  4:31  Drone x2  
  66  4:32  Drone  
  66  4:35  Overlord  
  67  4:42  Extractor x2  
  65  4:46  Overlord, Evolution Chamber  
  65  4:49  Queen  
  65  4:50  Extractor  
  65  4:55  Drone  
  65  4:56  Drone x3  
  65  4:57  Drone  
  65  4:58  Drone  
  71  5:06  Drone  
  71  5:07  Drone x2  
  73  5:09  Overlord  
  74  5:18  Zerg Melee Weapons Level 1  
  74  5:25  Drone x7  
  81  5:32  Queen  
  81  5:34  Queen  
  85  5:40  Infestation Pit  
  85  5:41  Drone  
  85  5:42  Drone, Spire  
  85  5:43  Drone  
  85  5:45  Drone  
  85  5:46  Drone  
  88  5:59  Drone  
  88  6:00  Baneling Nest, Drone x4  
  88  6:01  Drone, Evolution Chamber  
  88  6:03  Extractor  
  88  6:04  Overlord, Extractor  
  91  6:08  Metabolic Boost  
  90  6:20  Drone x3  
  90  6:24  Drone  
  94  6:25  Drone  
  94  6:26  Drone  
  94  6:28  Drone x2  
  94  6:30  Drone  
  99  6:33  Drone  
  99  6:35  Overlord x2  
  99  6:39  Hive  
  100  6:43  Centrifical Hooks  
  100  6:46  Zerg Ground Armor Level 1  
  100  6:51  Overlord  
  100  6:58  Overlord  
  100  6:59  Zergling x2  
  100  7:00  Zergling x24  
  113  7:16  Zerg Melee Weapons Level 2  
  113  7:21  Hatchery  
  112  7:24  Overlord  
  112  7:25  Overlord  
  112  7:40  Extractor  
  112  7:41  Extractor  
  112  7:43  Corruptor  
  112  7:44  Overlord, Corruptor  
  110  7:45  Corruptor x7  
  110  7:47  Overlord  
  110  7:48  Overlord  
  110  7:50  Overlord  
  128  7:52  Overlord  
  128  7:56  Greater Spire  
  128  8:11  Overlord  
  128  8:12  Overlord  
  128  8:13  Zergling x6  
  128  8:14  Zergling x16  
  139  8:36  Zergling x2  
  139  8:37  Zergling x16  
  148  8:51  Viper x2  
  148  8:52  Viper  
  157  8:57  Zergling x2  
  157  8:58  Zerg Ground Armor Level 2  
  157  9:01  Adrenal Glands  
  158  9:09  Brood Lord x2  
  164  9:10  Brood Lord  
  164  9:12  Zergling x2  
  164  9:13  Zergling x26  
  164  9:14  Zergling x2  
  179  9:26  Brood Lord  
  179  9:27  Brood Lord  
  179  9:28  Brood Lord  
  185  9:32  Drone x3  
  185  9:34  Drone  
  189  9:51  Brood Lord x3  
  195  10:00  Corruptor  
  195  10:02  Corruptor  
  199  10:29  Baneling x2  
  199  10:30  Baneling x4  
  199  10:31  Drone  
  200  10:40  Baneling x9  
  200  10:41  Baneling x14  
  200  10:42  Baneling  
  200  10:47  Hatchery  
  193  11:40  Corruptor x3  
Tags
 
Add a new tag
Caveats
  • Supply blocks, unpowered buildings, or Contaminate may cause inaccurate times.
  • Supply counts are checked every 10 seconds.